 Dungeon Crawl Stone Soup version 0.13-a0-3016-gcb2faac (webtiles) character file.

123 Kae the Firebug (level 3, -2/19 HPs)
             Began as a Tengu Fire Elementalist on Sept 14, 2013.
             Slain by epsilon's ghost (6 damage)
             ... on Level 3 of the Dungeon.
             The game lasted 00:02:35 (1826 turns).

Kae the Firebug (Tengu Fire Elementalist)           Turns: 1826, Time: 00:02:35

HP  -2/19        AC  2     Str  8      XL: 3   Next: 50%
MP   3/7         EV 12     Int 16      God:
Gold 83          SH  0     Dex 14      Spells:  1 memorised,  3 levels left

Res.Fire  : . . .   See Invis. : .   e - +0 dagger
Res.Cold  : . . .   Warding    : .   a - +0 robe
Life Prot.: . . .   Conserve   : .   (no shield)
Res.Poison: .       Res.Corr.  : .   (helmet restricted)
Res.Elec. : .       Clarity    : .   (no cloak)
Sust.Abil.: . .     Spirit.Shd : .   (no gloves)
Res.Mut.  : .       Stasis     : .   (boots unavailable)
Res.Rott. : .       Flight     : .   (no amulet)
Saprovore : . . .                    (no ring)
                                     (no ring)

@: not resistant to hostile enchantments, fairly stealthy
A: beak, talons 3
a: no special abilities


You were on level 3 of the Dungeon.
You were not hungry.

You visited 1 branch of the dungeon, and saw 3 of its levels.

You collected 63 gold pieces.

Inventory:

Hand weapons
 e - a +0,+0 dagger (weapon)
Missiles
 i - 28 darts (quivered)
Armour
 a - a +0 robe (worn)
Comestibles
 c - 3 bread rations
 f - a choko
 m - a meat ration
 t - a banana
Scrolls
 d - a scroll of remove curse {unknown}
 g - 2 scrolls of recharging {unknown}
 h - 3 scrolls of identify {unknown}
 l - a scroll of enchant weapon II {unknown}
 n - 2 scrolls of teleportation {unknown}
 o - a scroll of blinking {unknown}
 r - a scroll of fog {unknown}
 s - a scroll of noise {unknown}
Potions
 j - a potion of curing {unknown}
 k - 2 potions of brilliance {unknown}
 q - a potion of mutation {unknown}
Books
 b - a book of Flames

   Spells                             Type                      Level
   *Flame Tongue                      Conjuration/Fire             1
   Throw Flame                        Conjuration/Fire             2
   Conjure Flame                      Conjuration/Fire             3
   Inner Flame                        Hexes/Fire                   3
   Sticky Flame                       Conjuration/Fire             4
   Fireball                           Conjuration/Fire             5


   Skills:
 - Level 2.1 Dodging
 - Level 2.0 Stealth
 + Level 1.3 Spellcasting
 * Level 3.6 Conjurations
 + Level 3.6 Fire Magic


You had 3 spell levels left.
You knew the following spells:

 Your Spells              Type           Power        Failure   Level  Hunger
a - Flame Tongue          Conj/Fire      ##...        6%          1    ##.....


Dungeon Overview and Level Annotations

Branches:
Dungeon (3/27)

Altars:

Annotations:
D:3 epsilon's ghost, average DsMo


Innate Abilities, Weirdness & Mutations

You have a beak for a mouth.
You have claws for feet.


Message History

Aim: epsilon's ghost (moderately damaged)
The flame misses epsilon's ghost.
Epsilon's ghost hits you!
Casting: Flame Tongue
Confirm with . or Enter, or press ? or * to list all spells.
Aiming: Flame Tongue
Press: ? - help, Shift-Dir - straight line, f/p - epsilon's ghost
Aim: epsilon's ghost (moderately damaged)
The flame hits epsilon's ghost.
Epsilon's ghost is heavily damaged.
Epsilon's ghost hits you!
* * * LOW HITPOINT WARNING * * *
Casting: Flame Tongue
Confirm with . or Enter, or press ? or * to list all spells.
Aiming: Flame Tongue
Press: ? - help, Shift-Dir - straight line, f/p - epsilon's ghost
Aim: epsilon's ghost (heavily damaged)
The flame hits epsilon's ghost.
Epsilon's ghost is heavily damaged.
Epsilon's ghost hits you.
You die...

#.. #.#. #..# ##.#. #..#
#.... ##(.#####.#####....
.................. ....
............. #..#
........#...
...#####..###........#...
......(p@................
......##..#####.######...
..##.##..# . #...#.
#.##..### #...#.
##.##....###.# #...#.
#............. #...#.
#............. #[..#.
#............ . .#.
###........#.### #.


You could see epsilon's ghost.

Vanquished Creatures
  A giant mite (D:1)
  A worm (D:2)
  An orc (D:3)
  5 bats
  4 giant cockroaches
  5 hobgoblins
  A giant newt (D:3)
  4 goblins
  3 kobolds
  4 rats
  A toadstool (D:1)
30 creatures vanquished.

Vanquished Creatures (others)
  3 toadstools (D:1)
3 creatures vanquished.

Grand Total: 33 creatures vanquished

Notes
Turn   | Place    | Note
--------------------------------------------------------------
     0 | D:1      | Kae, the Tengu Fire Elementalist, began the quest for the Orb.
     0 | D:1      | Reached XP level 1. HP: 10/10 MP: 3/3
    26 | D:1      | Reached XP level 2. HP: 15/15 MP: 0/5
   931 | D:2      | Reached XP level 3. HP: 11/19 MP: 6/6
  1821 | D:3      | Noticed epsilon's ghost (average DsMo)
  1826 | D:3      | Slain by epsilon's ghost

Action                   || total
-------------------------++-------
Melee: Unarmed           ||     3
       Dagger            ||    56
 Cast: Flame Tongue      ||    31
 Stab: Sleeping          ||     2
